 Dungeon Sprint DCSS version 0.20-a0-556-g892c87b (webtiles) character file.

266 dvd the Protected (level 6, -2/62 HPs)
             Began as a Minotaur Fighter on Feb 4, 2017.
             Was an Initiate of Okawaru.
             Slain by a queen bee (10 damage)
             ... in the Dungeon (Sprint IV: "Fedhas' Mad Dash").
             The game lasted 00:02:12 (585 turns).

dvd the Protected (Minotaur Fighter)                 Turns: 585, Time: 00:02:13

Health: -2/62      AC:  8    Str: 20    XL:     6   Next: 0%
Magic:  4/6        EV:  9    Int:  5    God:    Okawaru [......]
Gold:   49         SH: 11    Dex: 12    Spells: 5/5 levels left

rFire    . . .     SeeInvis .   a - +0 war axe
rCold    . . .     Gourm    .   b - +0 scale mail
rNeg     . . .     Faith    .   c - +0 shield
rPois    .         Spirit   .   (helmet restricted)
rElec    .         Reflect  .   (no cloak)
rCorr    .         Harm     .   (no gloves)
MR       .....     NoTele   +   (no boots)
Stlth    ..........             m - amulet of invisibility {+Inv}
Regen    0.2/turn               (no ring)
                                (no ring)

@: exhausted, very slightly contaminated, slowed, very slow
A: retaliatory headbutt, horns 2
a: Renounce Religion, Evoke Invisibility


You were in the Dungeon.
You worshipped Okawaru.
Okawaru was noncommittal.
You were not hungry.

You visited 1 branch You collected 49 gold pieces.

Inventory:

Hand Weapons
 a - a +0 war axe (weapon)
Armour
 b - a +0 scale mail (worn)
 c - a +0 shield (worn)
Jewellery
 m - the amulet of invisibility (around neck) {+Inv}
   (You found it in the Dungeon)

   [amulet of nothing]

   It lets you turn invisible.
Scrolls
 k - a scroll of blinking
 l - a scroll of amnesia {unknown}
Potions
 d - 2 potions of might
 g - a potion of heal wounds
 h - a potion of haste
 i - 2 potions of magic
Comestibles
 f - a bread ration


   Skills:
 + Level 8.3 Fighting
 + Level 6.0 Axes
 + Level 8.6 Armour
 + Level 1.0 Dodging
 + Level 0.3 Stealth
 + Level 8.3 Shields
 + Level 2.5 Evocations


You had 5 spell levels left.
You didn't know any spells.

Dungeon Overview and Level Annotations

Branches:
Dungeon (1/1)

Altars:
Cheibriados
Dithmenos
Elyvilon
Gozag
Hepliaklqana
Kikubaaqudgha
Makhleb
Nemelex Xobeh
Okawaru
Qazlal
Ru
Sif Muna
Trog
Uskayaw
Vehumet
Xom
Yredelemnul
Zin
The Shining One
Beogh
Jiyva
Lugonu

Annotations:
D exclusion: oklob sapling


Innate Abilities, Weirdness & Mutations

You reflexively headbutt those who attack you in melee.
You have a pair of horns on your head.


Message History

* * * LOW HITPOINT WARNING * * *
Unknown command.
You feel better. You block the queen bee's attack.
Unknown command.
Okay, then.
Unknown command.
You closely miss the queen bee.
The queen bee is heavily wounded.
You block the queen bee's attack. The queen bee stings you.
* * * LOW HITPOINT WARNING * * *
Unknown command.
You closely miss the queen bee.
The queen bee is heavily wounded.
You block the queen bee's attack. The queen bee stings you.
* * * LOW HITPOINT WARNING * * *
Unknown command.
You hit the queen bee but do no damage.
The queen bee is heavily wounded.
The queen bee stings you!
You die...

########################
#<..P#.....#.....#.⌠._._
#PP..'.†...'.#[..'.._._.
#PPPP#.....#.#...#..._._
###############'##.._._.
#...♣........'...#.⌠._._
#%...yy♣†....#...#######
♣@†♣..###### #+#####


You could see a queen bee and a killer bee.

Vanquished Creatures
  3 killer bees (D)
  3 oklob saplings (D)
  A worker ant (D)
  A river rat (D)
  A rat (D)
9 creatures vanquished.

Notes
Turn   | Place    | Note
-------+----------+-------------------------------------------
     0 | D        | dvd the Minotaur Fighter began the quest for the Orb.
     0 | D        | Reached XP level 1. HP: 19/19 MP: 0/0
     7 | D        | Reached XP level 2. HP: 28/28 MP: 1/1
    16 | D        | Noticed an oklob sapling
    21 | D        | Killed an oklob sapling
    21 | D        | Reached skill level 5 in Fighting
    21 | D        | Reached skill level 5 in Armour
    21 | D        | Reached skill level 5 in Shields
    21 | D        | Reached XP level 3. HP: 36/36 MP: 2/2
   213 | D        | Found an opulent altar of Gozag.
   213 | D        | Found a hazy altar of Hepliaklqana.
   213 | D        | Found a roughly hewn altar of Beogh.
   213 | D        | Found a snail-covered altar of Cheibriados.
   223 | D        | Found a viscous altar of Jiyva.
   223 | D        | Found a burning altar of Makhleb.
   223 | D        | Found a sparkling altar of Nemelex Xobeh.
   223 | D        | Found a sacrificial altar of Ru.
   223 | D        | Found a deep blue altar of Sif Muna.
   223 | D        | Found a bloodstained altar of Trog.
   223 | D        | Found a shimmering altar of Xom.
   223 | D        | Found a basalt altar of Yredelemnul.
   223 | D        | Noticed an oklob sapling priest
   224 | D        | Found an iron altar of Okawaru.
   224 | D        | Found a shadowy altar of Dithmenos.
   224 | D        | Found a glowing silver altar of Zin.
   225 | D        | Found a hide-covered altar of Uskayaw.
   225 | D        | Found an ancient bone altar of Kikubaaqudgha.
   226 | D        | Found a glowing golden altar of the Shining One.
   226 | D        | Found a stormy altar of Qazlal.
   226 | D        | Found a white marble altar of Elyvilon.
   227 | D        | Found a radiant altar of Vehumet.
   227 | D        | Found a corrupted altar of Lugonu.
   232 | D        | Killed an oklob sapling priest
   232 | D        | Reached XP level 4. HP: 20/45 MP: 0/3
   235 | D        | Became a worshipper of Warmaster Okawaru
   537 | D        | Reached skill level 5 in Axes
   537 | D        | Reached skill level 1 in Evocations
   563 | D        | Noticed a queen bee
   572 | D        | Reached XP level 5. HP: 52/52 MP: 3/5
   578 | D        | Reached skill level 1 in Dodging
   581 | D        | Reached XP level 6. HP: 16/62 MP: 3/6
   585 | D        | Slain by a queen bee

Vault maps used:
D:        dungeon_sprint_fedhas

Skill      XL: |  1  2  3  4  5 |
---------------+----------------+-----
Fighting       | 4 5 6 7 8 |  8.3
Armour         | 4 5 6 7 8 |  8.6
Shields        | 4 5 6 7 8 |  8.3
Axes           | 3 4 5 6 |  6.0
Evocations     | 1 2 |  2.5
Dodging        | 1 |  1.0
Stealth        | |  0.3

Action                   |  1- 3 |  4- 6 || total
-------------------------+-------+-------++-------
Melee: War axe           |    13 |    20 ||    33
       Headbutt          |     7 |     1 ||     8
 Abil: Evoke Invisibilit |     1 |     1 ||     2
  Use: Potion            |       |     2 ||     2
Armor: Scale mail        |     1 |     8 ||     9
Dodge: Dodged            |     3 |     7 ||    10
Block: Shield            |     3 |    14 ||    17
